 Dungeon Crawl Stone Soup version 0.29.0-7-g18a832c13a (webtiles) character file.

Game seed: 8440321023719696045

1003 Anamonty the Grave Robber (level 8, -4/50 (60) HPs)
             Began as a Demonspawn Necromancer on Aug 30, 2022.
             Slain by a wight
             ... wielding a +3 mace
              (12 damage)
             ... on level 5 of the Dungeon.
             The game lasted 00:15:20 (6110 turns).

Anamonty the Grave Robber (Demonspawn Necromancer)  Turns: 6110, Time: 00:15:21

HP:   -4/50 (60)    AC:  6    Str:  8    XL:     8   Next: 0%
MP:   14/14         EV: 21    Int: 20    God:
Gold: 261           SH:  0    Dex: 13    Spells: 7/15 levels left

rFire   . . .      SeeInvis .   e - +2 trident (vorpal)
rCold   . . .      Faith    .   (no shield)
rNeg    . . .      Spirit   .   a - +0 robe
rPois   +          Reflect  .   (no helmet)
rElec   .          Harm     .   d - +2 cloak {rPois}
rCorr   .          Rampage  .   (no gloves)
Will    .....                   k - +0 pair of boots
Stlth   ++........              o - amulet of regeneration
HPRegen 0.96/turn               (no ring)
MPRegen 0.28/turn               (no ring)

@: agile, heavily drained
A: repulsion field 2, powered by pain 1, magic regeneration
a: no special abilities


You were on level 5 of the Dungeon.
You visited 1 branch of the dungeon, and saw 6 of its levels.

You collected 261 gold pieces.

Inventory:

Hand Weapons
 c - a +0 dagger
 e - a +2 vorpal trident (weapon)
 q - a +0 short sword of venom
Missiles
 m - 2 silver javelins (quivered)
Armour
 a - a +0 robe (worn)
 d - a +2 cloak of poison resistance (worn)
 k - a +0 pair of boots (worn)
Jewellery
 o - an amulet of regeneration (around neck)
Wands
 w - a wand of quicksilver (6)
Scrolls
 f - a scroll of noise {unknown}
 h - 3 scrolls of amnesia
 j - a scroll of brand weapon
 l - a scroll of blinking
 n - a scroll of enchant armour {unknown}
 s - a scroll of fog {unknown}
 t - a scroll of poison {unknown}
 u - a scroll of immolation {unknown}
 v - a scroll of identify
Potions
 b - 2 potions of magic
 g - 3 potions of brilliance
 i - 2 potions of curing
 p - a potion of heal wounds {unknown}
 r - a potion of invisibility {unknown}
 x - a potion of degeneration {unknown}


   Skills:
 + Level 3.9 Fighting
 + Level 4.0 Dodging
 - Level 1.7 Stealth
 + Level 4.1 Spellcasting
 * Level 7.8 Necromancy


You had 7 spell levels left.
You knew the following spells:

 Your Spells              Type           Power      Damage    Failure   Level
a - Necrotise             Necr           100%       1d9       1%          1
b - Vampiric Draining     Necr           35%        2d8       1%          3
c - Animate Dead          Necr           35%        N/A       4%          4

Your spell library contained the following spells:

 Spells                   Type           Power      Damage    Failure   Level
 Sublimation of Blood     Necr           35%        N/A       1%          2
 Agony                    Necr           35%        N/A       14%         5
 Wereblood                Tmut           4%         N/A       19%         2
 Confusing Touch          Hex            4%         N/A       36%         3
 Ignite Poison            Fire/Tmut/Pois 4%         N/A       36%         3
 Mephitic Cloud           Conj/Pois/Air  4%         N/A       36%         3
 Summon Guardian Golem    Hex/Summ       4%         N/A       36%         3
 Summon Lightning Spire   Summ/Air       4%         N/A       77%         4
 Freezing Cloud           Conj/Ice/Air   2%         6-21      98%         5
 Orb of Destruction       Conj           2%         9d5       100%        7
 Spellforged Servitor     Conj/Summ      2%         N/A       100%        7
 Summon Hydra             Summ           2%         N/A       100%        7
 Discord                  Hex            2%         N/A       100%        8


Dungeon Overview and Level Annotations

Branches:
Dungeon (6/15)
 Temple: D:4-7

Altars:
Nemelex Xobeh
Wu Jian

Shops:
D:4 =


Innate Abilities, Weirdness & Mutations

You are surrounded by a moderate repulsion field. (EV +3)
You sometimes gain a little power by taking damage.
You regenerate magic rapidly.


Message History

You barely miss the wight. The wight barely misses you.
The wight hits you with a +3 mace.
You hit the wight but do no damage. The wight barely misses you.
You barely miss the wight. The wight hits you with a +3 mace.
You hit the wight.
The wight is lightly damaged.
The wight misses you. The wight hits you with a +3 mace.
You feel drained.
You closely miss the wight.
The wight is lightly damaged.
The wight closely misses you.
You barely miss the wight.
The wight is lightly damaged.
The wight misses you.
You hit the wight but do no damage.
The wight is lightly damaged.
The wight hits you with a +3 mace! The wight barely misses you.
You hit the wight but do no damage.
The wight is lightly damaged.
The wight hits you with a +3 mace.
You hit the wight.
The wight is heavily damaged.
The wight hits you with a +3 mace!
You feel drained.
You hit the wight but do no damage.
The wight is heavily damaged.
The wight hits you with a +3 mace!
You completely miss the wight.
The wight is heavily damaged.
The wight hits you with a +3 mace!
You feel drained. The wight closely misses you.
You completely miss the wight.
The wight is heavily damaged.
The wight hits you with a +3 mace!
* * * LOW HITPOINT WARNING * * *
You focus on the pain.
You feel agile all of a sudden.
You feel drained.
* * * LOW HITPOINT WARNING * * *
The wight attacks as you move away! The wight barely misses you.
The wight attacks as you move away! The wight hits you with a +3 mace!
You die...

......######.........##.......Z..
...<..........[..)...##.......Z..
##.###.#..##.......[..#.......Z..
#[# #..#..[......)[))........Z##
##)####.##..........([.........##
..)<).#.###.....................#
..[.....###...................#.#
.....[.....................Z.Z...
........###.#...@.............###
..).............z..........#..#
......[)...................#.##
...................>......#Z.#
..........................#.##
............................##
####.........................#
#..........................#
#..........................#


You could see a wight.

Vanquished Creatures
  An ice beast (D:4)
  Blork the orc (D:5)
  2 gnoll sergeants (D:5)
  A scorpion (D:5)
  A wight (D:5)
  A howler monkey (D:1)
  A jelly (D:5)
  2 orc priests
  Crazy Yiuf (D:5)
  A gnoll bouda (D:4)
  3 iguanas
  3 orc wizards (D:5)
  12 gnolls
  3 adders
  2 worms
  3 dart slugs
  17 orcs
  9 endoplasms
  2 giant cockroaches
  7 goblins
  9 hobgoblins
  3 jackals
  6 kobolds
  4 quokkas
  7 ball pythons
  7 bats
  5 frilled lizards
  6 rats
120 creatures vanquished.

Vanquished Creatures (collateral kills)
  2 orcs (D:4)
  A goblin (D:1)
  2 ball pythons (D:1)
5 creatures vanquished.

Vanquished Creatures (others)
  An orc zombie (D:5)
  3 fungi (D:3)
  12 plants
16 creatures vanquished.

Grand Total: 141 creatures vanquished

Notes
Turn   | Place    | Note
-------+----------+-------------------------------------------
     0 | D:1      | Anamonty the Demonspawn Necromancer began the quest for the
                  | Orb.
     0 | D:1      | Reached XP level 1. HP: 13/13 MP: 3/3
   450 | D:1      | Gained mutation: You are surrounded by a mild repulsion
                  | field. (EV +2) [demonic ancestry]
   450 | D:1      | Reached XP level 2. HP: 18/20 MP: 1/5
   961 | D:1      | Reached skill level 1 in Fighting
   967 | D:1      | Reached XP level 3. HP: 26/26 MP: 3/6
   971 | D:1      | Learned a level 3 spell: Vampiric Draining
  1555 | D:1      | Reached skill level 5 in Necromancy
  1555 | D:1      | Reached XP level 4. HP: 21/32 MP: 0/7
  2742 | D:3      | Learned a level 4 spell: Animate Dead
  2965 | D:3      | Reached XP level 5. HP: 38/38 MP: 4/9
  3233 | D:3      | Found a faded altar of an unknown god.
  3812 | D:4      | Reached skill level 6 in Necromancy
  4174 | D:4      | Found Saemiecu's Jewellery Shop.
  4704 | D:5      | Entered Level 5 of the Dungeon
  4706 | D:5      | Noticed an ice beast
  4709 | D:4      | Gained mutation: You regenerate magic rapidly. [demonic
                  | ancestry]
  4709 | D:4      | Reached XP level 6. HP: 40/45 MP: 7/10
  5424 | D:5      | Gained mutation: You are surrounded by a moderate repulsion
                  | field. (EV +3) [demonic ancestry]
  5424 | D:5      | Reached XP level 7. HP: 49/52 MP: 5/12
  5445 | D:4      | Reached skill level 7 in Necromancy
  5528 | D:5      | Got the Codex of Breezy Guile
  5567 | D:5      | Found a sparkling altar of Nemelex Xobeh.
  5612 | D:5      | Found an ornate altar of the Wu Jian Council.
  5871 | D:5      | Found a runed translucent door.
  5872 | D:5      | Noticed Crazy Yiuf
  5881 | D:5      | Killed Crazy Yiuf
  5932 | D:6      | Noticed Blork the orc
  5947 | D:5      | Killed Blork the orc
  6052 | D:5      | Gained mutation: You sometimes gain a little power by
                  | taking damage. [demonic ancestry]
  6052 | D:5      | Reached XP level 8. HP: 31/56 MP: 14/14
  6110 | D:5      | Slain by a wight

Illustrated notes

Levels and vault maps discovered:
D:1:      lemuel_arrival_rhombus, layout_rooms, serial_corexii_hall,
          corexii_hall_statues_l, chequers_hall_statues_corner_a
D:2:      minmay_diamond_boxcup, layout_loops_ring
D:3:      layout_basic, shapermc_ecumenical_altar_mp_ritualfount,
          chequers_serial_rivers_large_b
D:4:      layout_basic, serial_shops, shop, columned_hall_lemuel
D:5:      layout_rooms, mainiacjoe_overflow_tiny_flanked,
          nicolae_overflow_crystal_walls, uniq_crazy_yiuf_cottage
D:6:      layout_cave_pools, minmay_temple_entry_statues_pillars,
          uniq_blork_the_orc

Skill      XL: |  1  2  3  4  5  6  7 |
---------------+----------------------+-----
Dodging        | 2 3 4 |  4.0
Fighting       | 1 2 3 |  3.9
Necromancy     | 5 6 7 |  7.8
Spellcasting   | 3 4 |  4.1
Stealth        | |  1.7

Action                   |  1- 3 |  4- 6 |  7- 9 || total
-------------------------+-------+-------+-------++-------
Melee: Dagger            |    43 |    57 |       ||   100
       Punch             |       |     1 |     1 ||     2
       Short sword       |       |    27 |     6 ||    33
       Trident           |       |       |    65 ||    65
Throw: Javelin           |    10 |    17 |       ||    27
 Cast: Necrotise         |    36 |    95 |    13 ||   144
       Vampiric Draining |     2 |    17 |     8 ||    27
       Animate Dead      |       |     1 |     3 ||     4
  Use: Scroll            |       |     5 |     1 ||     6
 Stab: Sleeping          |     5 |     4 |     1 ||    10
Armor: Robe              |    12 |    35 |    16 ||    63
Dodge: Dodged            |    43 |    95 |    58 ||   196
